 Dungeon Crawl Stone Soup version 0.17-a0-1164-g0ba867e (webtiles) character file.

505 KlotserJr the Slasher (level 6, -6/73 HPs)
             Began as a Demonspawn Berserker on May 28, 2015.
             Was an Elder of Trog.
             Mangled by Pikel
             ... wielding a +2 whip of flaming
              (14 damage)
             ... on level 5 of the Dungeon.
             The game lasted 00:20:24 (4280 turns).

KlotserJr the Slasher (Demonspawn Berserker)        Turns: 4280, Time: 00:20:24

Health: -6/73      AC:  4    Str: 23      XL:     6   Next: 96%
Magic:  6/6        EV: 11    Int: 10      God:    Trog [****..]
Gold:   265        SH:  0    Dex:  1 (12) Spells: 0 memorised, 5 levels left

rFire  . . .     SeeInvis .     a - +0 falchion
rCold  . . .     Clarity  .     u - +0 leather armour (curse)
rNeg   . . .     SustAt   .     (no shield)
rPois  .         Gourm    .     (no helmet)
rElec  .         Spirit   .     (no cloak)
rCorr  .         Warding  .     (no gloves)
rMut   .         Stasis   .     k - +0 pair of boots
MR     .....                    (no amulet)
Stlth  ..........               (no ring)
                                (no ring)

@: berserking, very quick, not resistant to hostile enchantments, extremely
unstealthy
A: hooves 1, demonic guardian 1, rot immunity
a: Burn Spellbooks, Berserk, Trog's Hand, Brothers in Arms, Renounce Religion


You were on level 5 of the Dungeon.
You worshipped Trog.
Trog was greatly pleased with you.
You were not hungry.

You visited 2 branches of the dungeon, and saw 6 of its levels.

You collected 265 gold pieces.

Inventory:

Hand weapons
 a - a +0 falchion (weapon)
Armour
 k - a +0 pair of boots (worn)
 r - a +0 leather armour
 u - a cursed +0 leather armour (worn)
Jewellery
 h - an uncursed amulet of stasis
Scrolls
 b - 2 scrolls of identify
 e - a scroll of remove curse {unknown}
 g - 2 scrolls of teleportation
 j - a scroll of enchant weapon {unknown}
 o - a scroll of amnesia {unknown}
Potions
 d - a potion of haste
 f - 3 potions of heal wounds {unknown}
 i - a potion of might
 l - a potion of magic {unknown}
 m - a potion of poison {unknown}
 p - 2 potions of curing {unknown}
 s - a potion of degeneration {unknown}
Comestibles
 c - 2 bread rations
 n - a meat ration
 q - a royal jelly


   Skills:
 + Level 4.6 Fighting
 * Level 5.2 Long Blades
 - Level 1.7 Armour
 + Level 3.3 Dodging
 - Level 2.0 Stealth


You had 5 spell levels left.
You didn't know any spells.

Dungeon Overview and Level Annotations

Branches:
Dungeon (5/15)             Temple (1/1) D:4

Altars:
Ashenzari
Cheibriados
Dithmenos
Elyvilon
Fedhas
Kikubaaqudgha
Makhleb
Ru
Sif Muna
Trog
Xom
Yredelemnul
Zin
The Shining One

Annotations:
D:5 Pikel


Innate Abilities, Weirdness & Mutations

You have large cloven feet.
A weak demonic guardian rushes to your aid.
You are immune to rotting.


Message History

* * * LOW HITPOINT WARNING * * *
Pikel burns you.
* * * LOW HITPOINT WARNING * * *
The slave barely misses you.
A slave comes into view.
You hit Pikel.
Pikel is lightly wounded.
Pikel closely misses you. The slave hits you.
* * * LOW HITPOINT WARNING * * *
You barely miss Pikel.
Pikel is lightly wounded.
Pikel closely misses you.
Your ufetubus closely misses the slave.
Your ufetubus barely misses the slave.
The slave barely misses you.
You hit Pikel.
Pikel is lightly wounded.
Your ufetubus closely misses the slave.
Your ufetubus barely misses the slave.
You slash Pikel!
Pikel is moderately wounded.
Pikel hits you with a whip of flaming!
You die...

#########
#....p..######
#.####.......#
#.####5####..####.#
#.!.p.pp@Kp....# #
....####Z####..#.##.#
p #.# #.......#
#.......#.####
#########.# #.## #.
... #..# #. .. ###.#
#. .. ... #...#


You could see Pikel, 4 slaves, a bat skeleton and a friendly ufetubus.

Vanquished Creatures
  A centaur (D:5)
  A vampire bat (D:5)
  2 orc priests (D:5)
  A quasit (D:5)
  2 worker ants
  3 adders
  3 gnolls (D:2)
  An ooze (D:4)
  4 worms (D:3)
  A fire bat (D:5)
  7 giant geckos
  9 orcs
  2 spectral bats (D:5)
  2 ball pythons
  3 bat skeletons (D:5)
  A bat zombie (D:5)
  8 goblins
  6 hobgoblins
  3 jackals (D:2)
  8 kobolds
  5 quokkas
  14 bats
  3 giant cockroaches
  3 giant newts
  5 rats
98 creatures vanquished.

Vanquished Creatures (collateral kills)
  A bat (D:5)
  2 hounds (D:4)
  A giant frog skeleton (D:4)
4 creatures vanquished.

Vanquished Creatures (others)
  2 crimson imps (D:5)
  An iron imp (D:4)
  4 white imps
  4 ufetubi
11 creatures vanquished.

Grand Total: 113 creatures vanquished

Notes
Turn   | Place    | Note
--------------------------------------------------------------
     0 | D:1      | KlotserJr the Demonspawn Berserker began the quest for the Orb.
     0 | D:1      | Reached XP level 1. HP: 18/18 MP: 1/1
   126 | D:1      | Gained mutation: A weak demonic guardian rushes to your aid. [demonic ancestry]
   126 | D:1      | Reached XP level 2. HP: 20/24 MP: 2/2
   366 | D:1      | Reached skill level 1 in Stealth
   464 | D:2      | Gained mutation: You are immune to rotting. [demonic ancestry]
   464 | D:2      | Reached XP level 3. HP: 29/29 MP: 3/3
   467 | D:2      | Acquired Trog's second power
   868 | D:2      | Reached XP level 4. HP: 22/35 MP: 4/4
  1951 | D:4      | Reached skill level 4 in Long Blades
  1951 | D:4      | Gained mutation: You have large cloven feet. [demonic ancestry]
  1951 | D:4      | Reached XP level 5. HP: 32/42 MP: 5/5
  2163 | D:4      | Found a bloodstained altar of Trog.
  2179 | D:4      | Found a shadowy altar of Dithmenos.
  2388 | D:4      | Found a sacrificial altar of Ru.
  2530 | D:4      | Found a staircase to the Ecumenical Temple.
  2584 | Temple   | Entered the Ecumenical Temple
  3223 | D:5      | Entered Level 5 of the Dungeon
  3275 | D:5      | Reached XP level 6. HP: 26/48 MP: 6/6
  3467 | D:5      | Noticed a centaur
  3477 | D:5      | Killed a centaur
  3681 | D:5      | Reached skill level 5 in Long Blades
  3718 | D:5      | Acquired Trog's third power
  4112 | D:5      | Found a shadowy altar of Dithmenos.
  4255 | D:5      | Noticed a slave
  4256 | D:5      | Noticed a slave
  4256 | D:5      | Noticed Pikel
  4256 | D:5      | Noticed a slave
  4277 | D:5      | Noticed a slave
  4280 | D:5      | Mangled by Pikel

Vault maps used:
D:1:      sevenhm_arrival_forest_fort_small_6, solitary_fountain
D:2:      first_bread
D:4:      lemuel_doored_altar, lemuel_round_altar,
          minmay_temple_entry_butterflies,
          nicolae_dithmenos_through_a_glass_darkly
D:5:      basic_altar, nicolae_ossuary_entry_ruins, minmay_misc_feat_nine_boxes,
          goddamned_bats, uniq_pikel
Temple:   oiseaux_autumnal_temple_12

Action                   |  1- 3 |  4- 6 || total
-------------------------+-------+-------++-------
Melee: Falchion          |    91 |   307 ||   398
Invok: Berserk           |     2 |     5 ||     7
  Use: Scroll            |     3 |     6 ||     9
 Stab: Sleeping          |     1 |     3 ||     4
       Distracted        |       |     1 ||     1
  Eat: Chunk             |     2 |    10 ||    12
       Royal jelly       |       |     1 ||     1
       Beef jerky        |       |     1 ||     1
       Meat ration       |       |     1 ||     1
